Map: Frozen Temple

Players

Gracz - Winner!

  • Race: Protoss Protoss
  • League: Silver

ASgodude

  • Race: Protoss Protoss
  • League: Bronze

VOD

Have the link to the VOD?

Description

Time

  • Played on: Sept. 19, 2016, 9:17 a.m.
  • Length: 3:57
Show
View Real Time Build Order
Export as new Build Order

Gracz Protoss - Winner!

Build Orders:  

Get SALT Encoding   

  12  0:18  Probe (Chrono Boost)  
  13  0:28  Probe (Chrono Boost)  
  14  0:38  Pylon  
  14  0:39  Probe (Chrono Boost)  
  15  0:56  Probe (Chrono Boost)  
  15  0:57  Assimilator, Pylon  
  16  1:06  Gateway  
  16  1:07  Probe (Chrono Boost)  
  17  1:18  Probe (Chrono Boost)  
  18  1:20  Gateway  
  18  1:28  Gateway  
  18  1:43  Gateway  
  18  2:02  Cybernetics Core  
  18  2:18  Zealot x2  
  22  2:29  Zealot  
  24  2:36  Probe (Chrono Boost)  
  25  2:45  Zealot x2  
  29  2:54  Stalker  
  31  3:05  Pylon  
  31  3:23  Stalker x2  
Show
View Real Time Build Order
Export as new Build Order

ASgodude Protoss 

Build Orders:  

Get SALT Encoding   

Tags
 
Add a new tag
Caveats
  • Supply blocks, unpowered buildings, or Contaminate may cause inaccurate times.
  • Supply counts are checked every 10 seconds.